 Dungeon Crawl Stone Soup version 0.27-a0-522-g46bbb28828 (webtiles) character file.

Game seed: 5735890363714983673

3656 Defined the Ducker (level 10, 0/77 HPs)
             Began as a Gnoll Wanderer on Mar 4, 2021.
             Was an Initiate of Gozag.
             Slain by a killer bee (4 damage)
             ... on level 8 of the Dungeon.
             The game lasted 00:30:18 (10050 turns).

Defined the Ducker (Gnoll Wanderer)                Turns: 10050, Time: 00:30:19

Health: 0/77       AC:  5    Str: 14    XL:     10   Next: 12%
Magic:  17/17      EV: 15    Int: 18    God:    Gozag
Gold:   1468       SH:  0    Dex: 13    Spells: 9/19 levels left

rFire    . . .     SeeInvis .   z - +1 hand axe (drain)
rCold    + . .     Faith    .   (no shield)
rNeg     . . .     Spirit   .   f - +0 leather armour of Couj {Int+7}
rPois    .         Reflect  .   u - +1 helmet
rElec    .         Harm     .   C - scarf {shadows}
rCorr    .         Rampage  .   (no gloves)
Will     .....                  (no boots)
Stlth    +++.......             (no amulet)
HPRegen  0.22/turn              v - +4 ring of slaying
MPRegen  0.15/turn              E - ring of protection from cold

@: lethally poisoned (0 -> -4), about to teleport
A: fangs 1, strong nose, distributed training
a: Renounce Religion, Potion Petition, Call Merchant, Bribe Branch


You were on level 8 of the Dungeon.
You worshipped Gozag.
Gozag was most pleased with you.
You visited 1 branch of the dungeon, and saw 9 of its levels.
You also visited: Sewer.

You collected 1511 gold pieces.
You paid 43 gold pieces to Gozag.

Inventory:

Hand Weapons
 c - a +0 arbalest
 x - a +1 dagger of holy wrath
 z - a +1 hand axe of draining (weapon)
Missiles
 q - 12 boomerangs (quivered)
 r - 63 poisoned darts
 H - 4 curare-tipped darts
 I - 64 bolts
Armour
 d - a +2 leather armour of positive energy
 f - the +0 leather armour of Couj (worn) {Int+7}
   (You found it on level 7 of the Dungeon)

   It affects your intelligence (+7).
 u - a +1 helmet (worn)
 C - a scarf of shadows (worn)
Jewellery
 o - a ring of magical power
 v - a +4 ring of slaying (left hand)
 E - a ring of protection from cold (right hand)
Wands
 j - a wand of digging (3)
 l - a wand of polymorph (13)
 A - a wand of flame (26)
Scrolls
 g - a scroll of amnesia {unknown}
 h - 2 scrolls of teleportation
 k - 2 scrolls of magic mapping
 p - 3 scrolls of fog
 F - a scroll of brand weapon
Potions
 e - 4 potions of brilliance
 i - a potion of magic
 m - 3 potions of curing
 n - 2 potions of heal wounds
 s - a potion of resistance
 t - a potion of haste
 w - a potion of ambrosia
 B - 2 potions of might {unknown}
 D - 3 potions of mutation


   Skills:
 + Level 6.8 Fighting
 + Level 5.0 Short Blades
 + Level 5.0 Long Blades
 + Level 5.0 Axes
 + Level 5.0 Maces & Flails
 + Level 5.6 Polearms
 + Level 6.8 Staves
 + Level 5.0 Slings
 + Level 5.0 Bows
 + Level 5.0 Crossbows
 + Level 5.0 Throwing
 + Level 5.0 Armour
 + Level 6.8 Dodging
 + Level 5.5 Stealth
 + Level 5.6 Shields
 + Level 5.0 Unarmed Combat
 + Level 5.0 Spellcasting
 + Level 4.1 Conjurations
 + Level 4.1 Hexes
 + Level 4.1 Summonings
 + Level 4.1 Necromancy
 + Level 4.1 Translocations
 + Level 4.1 Transmutations
 + Level 4.1 Fire Magic
 + Level 4.1 Ice Magic
 + Level 4.1 Air Magic
 + Level 4.1 Earth Magic
 + Level 4.1 Poison Magic
 + Level 5.4 Invocations
 + Level 5.6 Evocations


You had 9 spell levels left.
You knew the following spells:

 Your Spells              Type           Power        Failure   Level
a - Animate Skeleton      Necr           38%          3%          1
b - Apportation           Tloc           38%          3%          1
c - Summon Small Mammal   Summ           76%          3%          1
d - Sting                 Tmut/Pois      76%          3%          1
e - Ignite Poison         Fire/Tmut/Pois 19%          9%          3
f - Mephitic Cloud        Conj/Pois/Air  19%          9%          3

Your spell library contained the following spells:

 Spells                   Type           Power        Failure   Level
 Corona                   Hex            21%          3%          1
 Foxfire                  Conj/Fire      76%          3%          1
 Poisonous Vapours        Pois/Air       38%          4%          2
 Conjure Flame            Conj/Fire      19%          9%          3
 Inner Flame              Hex/Fire       19%          9%          3
 Olgreb's Toxic Radiance  Pois           19%          30%         4
 Sticky Flame             Conj/Fire      19%          30%         4
 Fireball                 Conj/Fire      9%           63%         5


Dungeon Overview and Level Annotations

Branches:
Dungeon (9/15)             Temple (0/1) D:6           Sewer (visited)
   Lair: D:8-11         Orc: D:9-12

Altars:
Gozag
Hepliaklqana
Nemelex Xobeh
Okawaru
Vehumet
Wu Jian


Innate Abilities, Weirdness & Mutations

You have very sharp teeth.
Your uncanny sense of smell can sniff out nearby items.
Your experience applies equally to all skills.


Message History

You feel sick. The killer bee closely misses you. The killer bee stings you.
The killer bee closely misses you.
There is a stone staircase leading up, spattered with blood here.
You feel sick. The killer bee closely misses you. The killer bee misses you.
The killer bee stings you!
* * * LOW HITPOINT WARNING * * *
The killer bee completely misses you. The killer bee barely misses you.
You climb upwards.
There is a stone staircase leading down, spattered with blood here.
You feel better. The killer bee barely misses you.
The killer bee closely misses you. The killer bee stings you.
The killer bee misses you.
The killer bee stings you but does no damage.
The killer bee closely misses you. The killer bee completely misses you.
The killer bee closely misses you.
You hit the killer bee.
The killer bee is lightly wounded.
You barely miss the killer bee. x2; You hit the killer bee.
You drain the killer bee. The killer bee closely misses you. x2
The killer bee stings you. x2
You are poisoned.
The killer bee poisons you! The killer bee barely misses you.
The killer bee stings you.
* * * LOW HITPOINT WARNING * * *
The killer bee barely misses you. x2
Okay, then.
As you read the scroll of teleportation, it crumbles to dust.
You feel strangely unstable.
You feel sick. The killer bee barely misses you. The killer bee stings you.
* * * LOW HITPOINT WARNING * * *
The killer bee stings you!
* * * LOW HITPOINT WARNING * * *
The killer bee stings you.
* * * LOW HITPOINT WARNING * * *
You are more poisoned.
The killer bee poisons you! The killer bee stings you.
* * * LOW HITPOINT WARNING * * *
The killer bee completely misses you. The killer bee stings you.
You die...
Your body crumbles into a pile of gold.

...##.# #.#.##.#.....#.##.#.#
#.###.# #.#.##.#.....#.##.#.#
#.# #.# #.#.##.#.....#.##.#.#
#.###.###.#.##.#.....#.##.#.#
...............)....##.##.#.#
..###.###.#..#)#.....#.##.#.#
..#..........#.#.......##.#.#
......###.#..#.#y#.#.####.#.#
...............y@y>.......#.#
#.##.####.#..#.#y#.#.######.#
#.##.# #.#..#.#...#)# #.#
#.##.# #.#.##.#####.######.#
..##.# #.#.................#
..##.# #.####.......########
..##.# #.# #########
..##.####.# ........#.#


You could see 4 killer bees.

Vanquished Creatures
  An unseen horror (D:8)
  A komodo dragon (D:8)
  Prince Ribbit (D:7)
  2 sky beasts
  3 black bears
  An orc warrior (D:9)
  An ogre (D:5)
  4 centaurs
  6 kobold brigands
  5 bullfrogs
  A scorpion (D:9)
  A centaur zombie (D:6)
  3 orc priests
  3 hounds
  Crazy Yiuf (D:3)
  An iguana (D:6)
  9 orc wizards
  3 worker ants
  A killer bee zombie (D:8)
  2 hound skeletons
  10 adders
  2 river rats (Sewer)
  2 shadow imps
  3 ufetubi
  An ooze (D:4)
  An adder zombie (D:7)
  An adder skeleton (D:8)
  5 worms
  3 dart slugs
  3 leopard geckos
  33 orcs
  10 ball pythons
  3 giant cockroaches
  11 goblins
  7 hobgoblins
  33 kobolds
  5 quokkas
  6 bats
  11 frilled lizards
  2 jackal skeletons
  A leopard gecko skeleton (D:6)
  A quokka skeleton (D:3)
  33 rats
237 creatures vanquished.

Vanquished Creatures (others)
  4 fungi (D:9)
  2 plants (D:9)
6 creatures vanquished.

Grand Total: 243 creatures vanquished

Notes
Turn   | Place    | Note
-------+----------+-------------------------------------------
     0 | D:1      | Defined the Gnoll Wanderer began the quest for the Orb.
     0 | D:1      | Defined set off with the following items: a +2 spear, a +0
                  | quarterstaff, a potion of lignification, a +0 robe
     0 | D:1      | Reached XP level 1. HP: 20/20 MP: 1/1
   220 | D:1      | Reached XP level 2. HP: 22/26 MP: 2/2
   927 | D:1      | Reached XP level 3. HP: 31/31 MP: 3/3
  1105 | D:2      | Reached skill level 1 in Invocations
  1242 | D:2      | Reached skill level 1 in Short Blades
  1242 | D:2      | Reached skill level 1 in Long Blades
  1242 | D:2      | Reached skill level 1 in Axes
  1242 | D:2      | Reached skill level 1 in Maces & Flails
  1242 | D:2      | Reached skill level 1 in Slings
  1242 | D:2      | Reached skill level 1 in Bows
  1242 | D:2      | Reached skill level 1 in Crossbows
  1242 | D:2      | Reached skill level 1 in Throwing
  1242 | D:2      | Reached skill level 1 in Armour
  1242 | D:2      | Reached skill level 1 in Unarmed Combat
  1242 | D:2      | Reached skill level 1 in Spellcasting
  1357 | D:2      | Reached XP level 4. HP: 37/38 MP: 5/5
  1829 | D:3      | Found an ornate altar of the Wu Jian Council.
  1829 | D:3      | Found a radiant altar of Vehumet.
  1830 | D:3      | Found an opulent altar of Gozag.
  1850 | D:3      | Became a worshipper of Gozag Ym Sagoz the Greedy
  1887 | D:3      | Found a glowing drain.
  1956 | D:3      | Reached skill level 1 in Conjurations
  1956 | D:3      | Reached skill level 1 in Hexes
  1956 | D:3      | Reached skill level 1 in Summonings
  1956 | D:3      | Reached skill level 1 in Necromancy
  1956 | D:3      | Reached skill level 1 in Translocations
  1956 | D:3      | Reached skill level 1 in Transmutations
  1956 | D:3      | Reached skill level 1 in Fire Magic
  1956 | D:3      | Reached skill level 1 in Ice Magic
  1956 | D:3      | Reached skill level 1 in Air Magic
  1956 | D:3      | Reached skill level 1 in Earth Magic
  1956 | D:3      | Reached skill level 1 in Poison Magic
  1976 | Sewer    | Entered a sewer
  2210 | Sewer    | Reached XP level 5. HP: 30/43 MP: 5/7
  2449 | Sewer    | Noticed a kobold brigand
  2449 | Sewer    | Noticed a kobold brigand
  2473 | Sewer    | Killed a kobold brigand
  2490 | Sewer    | Killed a kobold brigand
  2491 | Sewer    | Reached XP level 6. HP: 50/50 MP: 8/8
  2600 | Sewer    | Reached skill level 5 in Fighting
  2600 | Sewer    | Reached skill level 5 in Staves
  2600 | Sewer    | Reached skill level 5 in Dodging
  3596 | D:3      | Found a hazy altar of Hepliaklqana.
  3839 | D:3      | Reached XP level 7. HP: 50/56 MP: 10/10
  4045 | D:3      | Found a runed translucent door.
  4046 | D:3      | Noticed Crazy Yiuf
  4053 | D:3      | Killed Crazy Yiuf
  4349 | D:4      | Found an iron altar of Okawaru.
  5059 | D:5      | Entered Level 5 of the Dungeon
  5095 | D:5      | Reached XP level 8. HP: 41/63 MP: 12/12
  5870 | D:5      | Found a sparkling altar of Nemelex Xobeh.
  6419 | D:6      | Found a staircase to the Ecumenical Temple.
  6491 | D:6      | Learned a level 1 spell: Animate Skeleton
  6493 | D:6      | Learned a level 1 spell: Apportation
  6495 | D:6      | Learned a level 1 spell: Summon Small Mammal
  6978 | D:7      | Reached XP level 9. HP: 37/69 MP: 14/14
  7005 | D:7      | Learned a level 1 spell: Sting
  7009 | D:7      | Learned a level 3 spell: Ignite Poison
  7134 | D:7      | Noticed Prince Ribbit
  7158 | D:7      | Killed Prince Ribbit
  7811 | D:7      | Identified the +0 leather armour of Couj {Int+7}
  8104 | D:8      | Learned a level 3 spell: Mephitic Cloud
  8503 | D:8      | Reached skill level 5 in Polearms
  8503 | D:8      | Reached skill level 5 in Shields
  8503 | D:8      | Reached skill level 5 in Evocations
  8613 | D:8      | Killed an unseen horror
  8614 | D:8      | Reached skill level 5 in Stealth
  8614 | D:8      | Reached skill level 5 in Invocations
  9522 | D:9      | Found a sparkling altar of Nemelex Xobeh.
  9693 | D:9      | Noticed a komodo dragon
  9747 | D:8      | Killed a komodo dragon
  9748 | D:8      | Reached XP level 10. HP: 34/77 MP: 17/17
 10021 | D:9      | Reached skill level 5 in Short Blades
 10021 | D:9      | Reached skill level 5 in Long Blades
 10021 | D:9      | Reached skill level 5 in Axes
 10021 | D:9      | Reached skill level 5 in Maces & Flails
 10021 | D:9      | Reached skill level 5 in Slings
 10021 | D:9      | Reached skill level 5 in Bows
 10021 | D:9      | Reached skill level 5 in Crossbows
 10021 | D:9      | Reached skill level 5 in Throwing
 10021 | D:9      | Reached skill level 5 in Armour
 10021 | D:9      | Reached skill level 5 in Unarmed Combat
 10021 | D:9      | Reached skill level 5 in Spellcasting
 10050 | D:8      | Slain by a killer bee

Illustrated notes

Levels and vault maps discovered:
D:1:      scummos_arrival_star, layout_loops_ring,
          chequers_serial_rivers_micro_c, serial_bayou_pond_b, dk_noncrumbling_2
D:2:      layout_loops_cross, minmay_misc_feat_four_crosses
D:3:      layout_basic, chequers_temple_overflow_statue_of_worship,
          nicolae_overflow_crystal_walls, cheibrodos_sewer_entry_drain,
          serial_aquarium, aquarium_bridge_island_small
          [aquarium_subvault_small_water, aquarium_subvault_bridge,
          aquarium_subvault_window, aquarium_subvault_wall,
          aquarium_subvault_bridge], aquarium_bridge_square
          [aquarium_subvault_wall, aquarium_subvault_wall,
          aquarium_subvault_bridge, aquarium_subvault_wall], aquarium_window_1,
          aquarium_window_1, aquarium_window_fake, aquarium_window_fake,
          aquarium_view_2d, st_stairs_12, hangedman_decor_growths,
          uniq_crazy_yiuf_cottage
D:4:      minmay_wonky_spiral, layout_loops_cross, okawaru_ov_weapons_minmay
D:5:      layout_rooms, basic_altar
D:6:      layout_loops_corners, minmay_temple_entry_fiery
D:7:      layout_basic, uniq_prince_ribbit1
D:8:      layout_basic
D:9:      layout_rooms, grunt_temple_overflow_open,
          grunt_lair_entry_orc_guard_hut

Skill      XL: |  1  2  3  4  5  6  7  8  9 10 |
---------------+-------------------------------+-----
Invocations    | 1 2 3 4 5 |  5.4
Short Blades   | 1 2 3 4 5 |  5.0
Long Blades    | 1 2 3 4 5 |  5.0
Axes           | 1 2 3 4 5 |  5.0
Maces & Flails | 1 2 3 4 5 |  5.0
Slings         | 1 2 3 4 5 |  5.0
Bows           | 1 2 3 4 5 |  5.0
Crossbows      | 1 2 3 4 5 |  5.0
Throwing       | 1 2 3 4 5 |  5.0
Armour         | 1 2 3 4 5 |  5.0
Unarmed Combat | 1 2 3 4 5 |  5.0
Spellcasting   | 1 2 3 4 5 |  5.0
Conjurations   | 1 2 3 4 |  4.1
Hexes          | 1 2 3 4 |  4.1
Summonings     | 1 2 3 4 |  4.1
Necromancy     | 1 2 3 4 |  4.1
Translocations | 1 2 3 4 |  4.1
Transmutations | 1 2 3 4 |  4.1
Fire Magic     | 1 2 3 4 |  4.1
Ice Magic      | 1 2 3 4 |  4.1
Air Magic      | 1 2 3 4 |  4.1
Earth Magic    | 1 2 3 4 |  4.1
Poison Magic   | 1 2 3 4 |  4.1
Polearms       | 3 4 5 |  5.6
Shields        | 3 4 5 |  5.6
Evocations     | 3 4 5 |  5.6
Stealth        | 3 4 5 |  5.5
Fighting       | 5 6 |  6.8
Staves         | 5 6 |  6.8
Dodging        | 5 6 |  6.8

Action                   |  1- 3 |  4- 6 |  7- 9 | 10-12 || total
-------------------------+-------+-------+-------+-------++-------
Melee: Spear             |   115 |   346 |    32 |       ||   493
       Bite              |     3 |    15 |    28 |     1 ||    47
       Punch             |       |     1 |     6 |       ||     7
       Trident           |       |       |    31 |       ||    31
       Hand axe          |       |       |   216 |    24 ||   240
       Dagger            |       |       |    49 |       ||    49
 Fire: Arbalest          |       |       |    26 |       ||    26
Throw: Boomerang         |    11 |     2 |       |       ||    13
Evoke: Wand              |       |       |     2 |       ||     2
  Use: Scroll            |     1 |     5 |    11 |     1 ||    18
       Potion            |       |     4 |     8 |     2 ||    14
 Stab: Distracted        |       |     1 |     1 |       ||     2
       Sleeping          |       |       |     2 |       ||     2
Armor: Scale mail        |    45 |   144 |    14 |       ||   203
       Skin              |       |    39 |     7 |       ||    46
       Leather armour    |       |       |    94 |    17 ||   111
Dodge: Dodged            |    59 |   144 |   275 |    45 ||   523

Table legend: (Time is in decaauts)
 A = Elapsed time spent in this place.
 B = Non-inter-level travel time spent in this place.
 C = Inter-level travel time spent in this place.
 D = Time resting spent in this place.
 E = Time spent auto-exploring this place.
 F = Levels seen in this place.
 G = Mean time per level.
                   A        B        C        D        E       F      G
               +--------+--------+--------+--------+--------+-----+--------+
         Total |  10100 |   9472 |    628 |    885 |   5898 |  10 | 1010.0 |
       Dungeon |   8966 |   8338 |    628 |    686 |   5390 |   9 |  996.2 |
         Sewer |   1133 |   1133 |      0 |    199 |    507 |   1 | 1133.0 |
               +--------+--------+--------+--------+--------+-----+--------+

Top non-repeatable levels by time:
     D:8: 1938 daAuts
     D:3: 1465 daAuts
   Sewer: 1133 daAuts
     D:6: 1108 daAuts
     D:1: 1006 daAuts
     D:5: 876 daAuts
     D:2: 875 daAuts
     D:7: 840 daAuts
     D:4: 778 daAuts
     D:9: 79 daAuts
